 Dungeon Crawl Stone Soup version 0.31-a0-1-g4198be8af4 (webtiles) character file.

Game seed: 1337497195076586381

46 bande the Covered (level 3, -2/24 HPs)
             Began as a Gargoyle Fighter on May 2, 2023.
             Slain by a hobgoblin
             ... wielding a +3 dagger
              (9 damage)
             ... on level 2 of the Dungeon.
             The game lasted 00:01:17 (1065 turns).

bande the Covered (Gargoyle Fighter)                Turns: 1065, Time: 00:01:18

Health: -2/24      AC: 11    Str: 19    XL:     3   Next: 66%
Magic:  3/3        EV:  9    Int:  8    God:
Gold:   88         SH:  4    Dex: 11    Spells: 2/2 levels left

rFire   + . .        a - +0 war axe
rCold   . . .        c - +0 buckler
rNeg    + . .        b - +0 scale mail
rPois   ∞            (no helmet)
rElec   +            g - +0 cloak
rCorr   .            (no gloves)
SInv    .            (no boots)
Will    .....        (no amulet) Stlth
                     k - ring of protection from fire
HPRegen 0.24/turn    (no ring)
MPRegen 0.08/turn

%: no passive effects
@: no status effects
A: sickness immunity, AC +3, negative energy resistance 1, electricity
resistance, torment resistance 1, petrification resistance
a: no special abilities


You were on level 2 of the Dungeon.
You visited 1 branch of the dungeon, and saw 2 of its levels.

You collected 88 gold pieces.

Inventory:

Hand Weapons
 a - a +0 war axe (weapon)
Armour
 b - a +0 scale mail (worn)
 c - a +0 buckler (worn)
 g - a +0 cloak (worn)
Jewellery
 k - a ring of protection from fire (left hand)
 o - a ring of positive energy
Scrolls
 e - a scroll of amnesia {unknown}
 f - a scroll of immolation {unknown}
 h - a scroll of poison {unknown}
 j - a scroll of enchant weapon {unknown}
 l - a scroll of identify {unknown}
 m - 3 scrolls of silence {unknown}
Potions
 d - a potion of might
 i - a potion of flight {unknown}
 n - a potion of curing {unknown}


   Skills:
 + Level 3.6 Fighting
 + Level 2.3 Axes
 + Level 4.0 Armour
 + Level 3.5 Shields


You had 2 spell levels left.
You didn't know any spells.
Your spell library was empty.

Dungeon Overview and Level Annotations

Branches:
Dungeon (2/15)

Altars:

Annotations:
D:2 Robin


Innate Abilities, Weirdness & Mutations

You are immune to sickness and miasma.
Your stone body is resilient. (AC +3)
You are immune to poison.
You resist negative energy. (rN+)
You are resistant to electric shocks. (rElec)
You are resistant to unholy torment.
You are immune to petrification.


Message History

You hit the goblin. Robin barely misses you.
The goblin hits you with a +0 club. The hobgoblin hits you.
A hobgoblin comes into view.
The hobgoblin misses you. Robin closely misses you.
A hobgoblin comes into view.
The goblin hits you but does no damage.
You barely miss the hobgoblin.
The hobgoblin is lightly wounded.
You closely miss the goblin.
The goblin no longer looks unusually strong.
Robin hits you but does no damage. The goblin hits you with a +0 club.
The hobgoblin barely misses you.
You barely miss the hobgoblin. You hit the goblin.
You kill the goblin!
Robin roars a battlecry!
The hobgoblin goes into a battle-frenzy!
The hobgoblin hits you.
* * * LOW HITPOINT WARNING * * *
Unknown command.
You hit the hobgoblin.
The hobgoblin is almost dead.
Robin says, "My army is invincible!"
Robin misses you.
The hobgoblin hits you but does no damage.
A hobgoblin comes into view. It is wielding a +3 dagger.
Robin roars a battlecry!
The hobgoblin goes into a battle-frenzy!
The hobgoblin hits you.
* * * LOW HITPOINT WARNING * * *
You barely miss the hobgoblin.
The hobgoblin is almost dead.
Robin says, "A pitiful Gargoyle like you will never find the ORB!"
Robin hits you but does no damage.
The hobgoblin hits you but does no damage.
Unknown command.
You barely miss the hobgoblin.
The hobgoblin is almost dead.
Robin hits you but does no damage. The hobgoblin completely misses you.
The hobgoblin hits you with a +3 dagger!
You die...

#.# ###.....## #.#
#........# # ..#
#........###.# #.#
#............# #
..######.####.#####.####
......(.................
#.#.####.#####.#.##.#<.
#.#.##...# #.#g#
#.#...†#.......#@#
#......#.#######g#
#####.##.#[....gg#
.....#....ggg.
###...#....gg###
.......... ##.[......
#....... .######


You could see Robin, 6 hobgoblins and 2 goblins.

Vanquished Creatures
  An adder (D:2)
  A dart slug (D:1)
  3 ball pythons
  2 endoplasms (D:1)
  A giant cockroach (D:1)
  5 goblins
  3 hobgoblins
  2 jackals (D:1)
  A kobold (D:1)
  A quokka (D:1)
  7 bats
  3 frilled lizards (D:2)
  A rat (D:2)
31 creatures vanquished.

Notes
Turn   | Place    | Note
-------+----------+-------------------------------------------
     0 | D:1      | bande the Gargoyle Fighter began the quest for the Orb.
     0 | D:1      | Reached XP level 1. HP: 14/14 MP: 1/1
   117 | D:1      | Reached XP level 2. HP: 17/19 MP: 2/2
   571 | D:1      | Reached XP level 3. HP: 23/23 MP: 3/3
   926 | D:2      | Reached skill level 4 in Armour
  1043 | D:2      | Noticed Robin
  1065 | D:2      | Slain by a hobgoblin

Illustrated notes

Levels and vault maps discovered:
D:1:      beargit_arrival_diablo_church, layout_rooms, serial_rivers,
          chequers_serial_rivers_micro_c, chequers_serial_rivers_small_3,
          chequers_serial_rivers_small_3, chequers_serial_rivers_micro_d,
          chequers_serial_rivers_large_a, minmay_tetromino_t2
D:2:      layout_basic, serial_shops,
          nicolae_shop_temple_entry_statues_fountains, uniq_robin

Skill      XL: |  1  2  3 |
---------------+----------+-----
Axes           | 2 |  2.3
Armour         | 4 |  4.0
Fighting       | |  3.6
Shields        | |  3.5

Action                     || total
---------------------------++-------
  Melee: War axe           ||    94
 Armour: Scale mail        ||    69
  Dodge: Dodged            ||    77
  Block: Buckler           ||    21

Table legend: (Time is in decaauts)
 A = Elapsed time spent in this place.
 B = Non-inter-level travel time spent in this place.
 C = Inter-level travel time spent in this place.
 D = Time resting spent in this place.
 E = Time spent auto-exploring this place.
 F = Levels seen in this place.
 G = Mean time per level.
                   A        B        C        D        E       F      G
               +--------+--------+--------+--------+--------+-----+--------+
         Total |   1122 |   1037 |     85 |      0 |    800 |   2 |  561.0 |
       Dungeon |   1122 |   1037 |     85 |      0 |    800 |   2 |  561.0 |
               +--------+--------+--------+--------+--------+-----+--------+

Top non-repeatable levels by time:
     D:1: 941 daAuts
     D:2: 180 daAuts
